 Dungeon Crawl Stone Soup version 0.29.1-1-gd02db6906a (webtiles) character file.

Game seed: 36344111579864927

54 Linkola the Cudgeller (level 3, -16/33 HPs)
             Began as a Minotaur Berserker on Sept 23, 2022.
             Was a Believer of Trog.
             Killed by an exploding hobgoblin (33 damage)
             ... ignited by their inner flame
             ... on level 2 of the Dungeon.
             The game lasted 00:04:41 (1465 turns).

Linkola the Cudgeller (Minotaur Berserker)          Turns: 1465, Time: 00:04:41

Health: -16/33     AC: 10    Str: 23    XL:     3   Next: 66%
Magic:  2/2        EV:  8    Int:  4    God:    Trog [**....]
Gold:   78         SH:  5    Dex:  9    Spells: 2/2 levels left

rFire   . . .      SeeInvis .   a - +0 mace
rCold   . . .      Faith    .   (no shield)
rNeg    . . .      Spirit   .   b - +0 chain mail
rPois   .          Reflect  +   (helmet restricted)
rElec   .          Harm     .   (no cloak)
rCorr   .          Rampage  .   (no gloves)
Will    .....                   i - +0 pair of boots
Stlth   ..........              c - amulet of reflection
HPRegen 0.11/turn               (no ring)
MPRegen 0.08/turn               (no ring)

@: on berserk cooldown, slowed, very slow
A: horns 2, retaliatory headbutt
a: Renounce Religion, Berserk, Trog's Hand


You were on level 2 of the Dungeon.
You worshipped Trog.
Trog was pleased with you.
You visited 1 branch of the dungeon, and saw 2 of its levels.

You collected 78 gold pieces.

Inventory:

Hand Weapons
 a - a +0 mace (weapon)
Missiles
 g - 4 stones (quivered)
Armour
 b - a +0 chain mail (worn)
 i - a +0 pair of boots (worn)
Jewellery
 c - an amulet of reflection (around neck)
Scrolls
 h - a scroll of teleportation {unknown}
Potions
 e - 3 potions of curing
 j - a potion of invisibility


   Skills:
 + Level 4.1 Fighting
 + Level 4.3 Maces & Flails
 * Level 1.3 Throwing
 + Level 2.8 Armour
 + Level 2.6 Dodging
 + Level 0.2 Shields


You had 2 spell levels left.
You didn't know any spells.
Your spell library was empty.

Dungeon Overview and Level Annotations

Branches:
Dungeon (2/15)

Altars:


Innate Abilities, Weirdness & Mutations

You have a pair of horns on your head.
You reflexively headbutt those who attack you in melee.


Message History

Trog accepts your kill.
You are no longer berserk.
You are exhausted.
You feel yourself slow down. The goblin hits you but does no damage.
You see here a +0 dagger.
What are your orders? t - Shout!
Orders for allies: a - Attack new target. r - Retreat! s - Stop attacking. g - Guard the area. f - Follow me.
Anything else - Cancel.
Retreat in which direction?
Press: ? - help, Dir - move target, f - you
Okay, then.
As you read the scroll labelled JOGENO ACRIAKY, it crumbles to dust.
The creatures around you are filled with an inner flame!
It was a scroll of immolation.
The goblin barely misses you.
The hobgoblin hits you but does no damage.
You block the goblin's attack. The goblin attacks as you move away!
The goblin misses you. You furiously retaliate!
You headbutt the goblin! Trog accepts your kill.
The goblin explodes!
The fiery explosion engulfs you!
The fiery explosion engulfs the goblin!!!
Trog accepts your kill.
You can now call upon Trog for regeneration and willpower.
The fiery explosion engulfs the goblin!!!
Trog accepts your kill.
The fiery explosion engulfs the hobgoblin!!!
Trog accepts your kill.
The fiery explosion engulfs the goblin!!
Trog accepts your kill.
The goblin explodes!
The fiery explosion engulfs the goblin!!
Trog accepts your kill.
The goblin explodes!
The hobgoblin explodes!
The fiery explosion engulfs you!!
Ouch! That really hurt!
You die...

#.. #.##..##
#.#.... #.#...#
#)#...# #
#)#...# #.#.
#†#.[.#
#.#.###)#§§.####
#.#....)@§§§$...
#####
#.###.###§)§####
...# #.# #.#
§§§# #####.###.#
#.# §§..>
..........###.#
...#.#
..............#
##.# ..
.....##########
.. . ...).# ...
<....#


There were no monsters in sight!

Vanquished Creatures
  Robin (D:2)
  An adder (D:2)
  A worm (D:2)
  14 goblins
  5 hobgoblins
  3 ball pythons
  2 bats (D:1)
  2 frilled lizards (D:1)
  6 kobolds
  2 rats (D:2)
37 creatures vanquished.

Notes
Turn   | Place    | Note
-------+----------+-------------------------------------------
     0 | D:1      | Linkola the Minotaur Berserker began the quest for the Orb.
     0 | D:1      | Reached XP level 1. HP: 19/19 MP: 0/0
   246 | D:1      | Found a faded altar of an unknown god.
   602 | D:1      | Reached XP level 2. HP: 26/27 MP: 1/1
  1351 | D:2      | Reached skill level 1 in Throwing
  1360 | D:2      | Reached XP level 3. HP: 33/33 MP: 2/2
  1442 | D:2      | Noticed Robin
  1455 | D:2      | Killed Robin
  1465 | D:2      | Reached ** piety under Trog
  1465 | D:2      | Killed by an exploding hobgoblin... ignited by their inner
                  | flame

Illustrated notes

Levels and vault maps discovered:
D:1:      dpeg_arrival_court, layout_basic, ebering_ecumenical_altar_rust,
          minmay_vboxes
D:2:      layout_loops_ring, uniq_robin

Skill      XL: |  1  2 |
---------------+-------+-----
Fighting       | 4 |  4.1
Maces & Flails | 4 |  4.3
Throwing       | 1 |  1.3
Armour         | |  2.8
Dodging        | |  2.6
Shields        | |  0.2

Action                   || total
-------------------------++-------
Melee: Mace              ||    59
       Headbutt          ||     3
Throw: Stone             ||    32
Invok: Berserk           ||     1
  Use: Scroll            ||     3
Armor: Animal skin       ||     3
       Chain mail        ||    19
Dodge: Dodged            ||    24
Block: Other             ||    11
       Reflection        ||     1
